 Dungeon Crawl Stone Soup version 0.24-a0-447-ge8da9206dc (webtiles) character file.

Game seed: 8161471824949967942

80 KristoblXynda the Ducker (level 4, -1/24 HPs)
             Began as a Spriggan Berserker on June 25, 2019.
             Was a Believer of Trog.
             Slain by a worm (10 damage)
             ... on level 2 of the Dungeon.
             The game lasted 00:03:09 (2483 turns).

KristoblXynda the Ducker (Spriggan Berserker)       Turns: 2483, Time: 00:03:10

Health: -1/24      AC:  4    Str: 14    XL:     4   Next: 18%
Magic:  5/5        EV: 20    Int:  8    God:    Trog [**....]
Gold:   79         SH:  0    Dex: 15    Spells: 3/3 levels left

rFire    . . .     SeeInvis +   a - +0 short sword
rCold    . . .     Gourm    .   (shield restricted)
rNeg     . . .     Faith    .   b - +0 animal skin
rPois    .         Spirit   .   (helmet restricted)
rElec    .         Reflect  .   j - +1 cloak
rCorr    .         Harm     .   (gloves unavailable)
MR       .....                  (boots unavailable)
Stlth    ++........             (no amulet)
HPRegen  0.08/turn              (no ring)
MPRegen  0.09/turn              (no ring)

@: very quick
A: very small, unfitting armour, see invisible, herbivore, speed 3, slow
metabolism 2
a: Berserk, Trog's Hand, Renounce Religion


You were on level 2 of the Dungeon.
You worshipped Trog.
Trog was pleased with you.
You were not hungry.

You visited 1 branch of the dungeon, and saw 2 of its levels.

You collected 79 gold pieces.

Inventory:

Hand Weapons
 a - a +0 short sword (weapon)
Missiles
 e - 40 sling bullets
Armour
 b - a +0 animal skin (worn)
 j - a +1 cloak (worn)
Jewellery
 f - a +6 ring of strength {unknown}
Scrolls
 d - 3 scrolls of identify {unknown}
 g - 3 scrolls of teleportation {unknown}
Potions
 h - a potion of heal wounds {unknown}
 i - a potion of agility {unknown}
 k - a potion of magic {unknown}
 l - a potion of degeneration {unknown}
Comestibles
 c - 2 rations


   Skills:
 + Level 3.0 Fighting
 + Level 3.9 Short Blades
 + Level 5.2 Dodging
 + Level 3.0 Stealth


You had 3 spell levels left.
You didn't know any spells.
Your spell library was empty.

Dungeon Overview and Level Annotations

Branches:
Dungeon (2/15)

Altars:
Ashenzari
Ru


Innate Abilities, Weirdness & Mutations

You are very small and have problems with some larger weapons.
You are too small for most types of armour.
You have supernaturally acute eyesight. (SInv)
You are a herbivore.
You cover ground extremely quickly.
You need to consume almost no food.


Message History

The worm bites you.
You hit the worm.
The worm is severely wounded.
You barely miss the worm.
The worm is severely wounded.
The worm closely misses you.
You hit the worm.
The worm is almost dead.
You barely miss the worm.
The worm is almost dead.
The worm closely misses you.
You barely miss the worm.
The worm is almost dead.
The worm bites you!
You hit the worm but do no damage.
The worm is severely wounded.
You hit the worm but do no damage.
The worm is severely wounded.
The worm bites you!
You die...

######## #.....#
.......# #.....####
######.# #........#
.....#.###........#
####.#.........(..######
#(...#######............
#.#####....#.###.#######
#.##.....#.#.# #w#
#)(........#.# #@#
#..#.##....#. #.#
#..#.......# #†#
.......>...# #.#
...........# #.#
##.###.....# #.# ...#
#.....# #.# #### #.....#
#.# #.....# ..#


You could see a worm.

Vanquished Creatures
  3 adders (D:2)
  A worm (D:2)
  A dart slug (D:1)
  2 leopard geckos (D:2)
  2 giant cockroaches
  10 goblins
  4 jackals (D:1)
  A ball python (D:2)
  8 bats
  2 frilled lizards
  6 kobolds
  6 rats
46 creatures vanquished.

Notes
Turn   | Place    | Note
-------+----------+-------------------------------------------
     0 | D:1      | KristoblXynda the Spriggan Berserker began the quest for
                  | the Orb.
     0 | D:1      | Reached XP level 1. HP: 11/11 MP: 2/2
   333 | D:1      | Reached skill level 1 in Stealth
   430 | D:1      | Reached XP level 2. HP: 14/16 MP: 3/3
   980 | D:1      | Reached ** piety under Trog
  1047 | D:2      | Reached XP level 3. HP: 19/19 MP: 4/4
  1508 | D:2      | Reached skill level 5 in Dodging
  2020 | D:2      | Reached XP level 4. HP: 23/23 MP: 5/5
  2055 | D:2      | Found a shattered altar of Ashenzari.
  2055 | D:2      | Found a sacrificial altar of Ru.
  2483 | D:2      | Slain by a worm

Levels and vault maps discovered:
D:1:      wheals_arrival_shading, layout_loops_corners
D:2:      layout_basic, gammafunk_temple_overflow_elements

Skill      XL: |  1  2  3  4 |
---------------+-------------+-----
Stealth        | 1 2 3 |  3.0
Dodging        | 5 |  5.2
Fighting       | 3 |  3.0
Short Blades   | |  3.9

Action                   |  1- 3 |  4- 6 || total
-------------------------+-------+-------++-------
Melee: Short sword       |   163 |    42 ||   205
 Stab: Sleeping          |     3 |     3 ||     6
       Distracted        |     1 |       ||     1
Armor: Animal skin       |    10 |     1 ||    11
Dodge: Dodged            |   159 |    26 ||   185

Table legend:
 A = Non-vault XP
 B = Vault XP
 C = Vault XP percentage of total XP
 D = Non-vault monster count
 E = Vault monster count
 F = Vault count percentage of total count
                 A         B        C        D         E       F
            +---------+---------+-------+---------+---------+-------
      Total |     115 |       0 |   0.0 |      46 |       0 |   0.0
            +---------+---------+-------+---------+---------+-------
        D:1 |      36 |       0 |   0.0 |      22 |       0 |   0.0
        D:2 |      79 |       0 |   0.0 |      24 |       0 |   0.0
            +---------+---------+-------+---------+---------+-------
